 Dungeon Crawl Stone Soup version 0.24-a0-525-g9231cdcba1 (webtiles) character file.

Game seed: 7875857237203905074

439 Gargoyl the Skirmisher (level 6, -6/52 HPs)
             Began as a Centaur Abyssal Knight on Aug 2, 2019.
             Was a Believer of Lugonu.
             Mangled by Duvessa
             ... wielding a +2 short sword of speed
              (11 damage)
             ... on level 4 of the Dungeon.
             The game lasted 00:06:20 (3685 turns).

Gargoyl the Skirmisher (Centaur Abyssal Knight)     Turns: 3685, Time: 00:06:20

Health: -6/52      AC: 14    Str: 18    XL:     6   Next: 70%
Magic:  8/8        EV: 11    Int: 11    God:    Lugonu [**....]
Gold:   252        SH:  2    Dex: 15    Spells: 5/5 levels left

rFire    . . .     SeeInvis .   t - +1 hand axe (flame)
rCold    . . .     Gourm    .   (no shield)
rNeg     . . .     Faith    .   D - +0 chain mail
rPois    .         Spirit   .   v - +2 hat
rElec    .         Reflect  +   d - +0 cloak
rCorr    .         Harm     .   C - +2 pair of gloves
MR       .....                  (no barding)
Stlth    ..........             r - +2 amulet of reflection
HPRegen  0.17/turn              y - +3 ring of strength
MPRegen  0.11/turn              x - +4 ring of slaying

@: agile, lightly drained, very quick
A: large, hooves 3, deformed body, speed 2, tough skin 3
a: Depart the Abyss, Bend Space, Renounce Religion


You were on level 4 of the Dungeon.
You worshipped Lugonu.
Lugonu was pleased with you.
You were hungry.

You visited 1 branch of the dungeon, and saw 4 of its levels.
You visited the Abyss 1 time.

You collected 252 gold pieces.

Inventory:

Hand Weapons
 a - a +1 hand axe
 t - a +1 hand axe of flaming (weapon)
Missiles
 p - 2 javelins (quivered)
 B - 8 boomerangs
Armour
 d - a +0 cloak (worn)
 v - a +2 hat (worn)
 C - a +2 pair of gloves (worn)
 D - a +0 chain mail (worn)
Jewellery
 e - an uncursed ring of protection from cold
 r - a +2 amulet of reflection (around neck)
 x - a +4 ring of slaying (right hand)
 y - a +3 ring of strength (left hand)
Scrolls
 i - a scroll of identify
 j - a scroll of remove curse
Potions
 b - a potion of invisibility
 h - a potion of brilliance {unknown}
 l - a potion of mutation {unknown}
 m - a potion of cancellation
 n - 2 potions of curing {unknown}
 o - a potion of degeneration {unknown}
 q - 2 potions of ambrosia
 s - 2 potions of heal wounds {unknown}
 u - 3 potions of flight {unknown}
 w - a potion of haste {unknown}
 z - a potion of might {unknown}
Comestibles
 c - 6 rations


   Skills:
 + Level 3.9 Fighting
 + Level 3.4 Axes
 * Level 3.1 Armour
 * Level 2.1 Dodging
 * Level 3.4 Invocations


You had 5 spell levels left.
You didn't know any spells.
Your spell library was empty.

Dungeon Overview and Level Annotations

Branches:
Dungeon (4/15)
 Temple: D:4-7

Altars:
Kikubaaqudgha
Makhleb

Annotations:
D:4 Duvessa


Innate Abilities, Weirdness & Mutations

You have hooves in place of feet.
Armour fits poorly on your strangely shaped body.
You cover ground very quickly.
You have extremely tough skin. (AC +3)


Message History

You closely miss Duvessa. Your kick misses Duvessa.
Duvessa is severely wounded.
Duvessa hits you but does no damage. x2
Unknown command.
You hit Duvessa. You burn Duvessa. You kick Duvessa, but do no damage.
Duvessa is almost dead.
Duvessa hits you with a +2 short sword of speed. x2
You hit Duvessa but do no damage. You kick Duvessa, but do no damage.
Duvessa is almost dead.
Duvessa hits you but does no damage. x2
You hit Duvessa but do no damage. You kick Duvessa.
Duvessa is almost dead.
Duvessa hits you with a +2 short sword of speed!
* * * LOW HITPOINT WARNING * * *
Duvessa hits you but does no damage.
You feel agile all of a sudden.
Duvessa hits you with a +2 short sword of speed!
* * * LOW HITPOINT WARNING * * *
Duvessa hits you with a +2 short sword of speed!
You die...

#....##.......#******,*
#######.##.......# *,*
#.......##.......#
*****,*
#.#####.##...[...#
*,,,,,*
#.####...#...(...#
*,*****
#.##.....#.......###,*
#.##.#...#.........#,*
#.##.##.##*#e).....#,*
#.......# #@####..#,*
####.#######.##.....,*
#.#..........#,,***
#.#.#####.####,,* #...#
#...,,,,* #####
#####****


You could see Duvessa (berserk).

Vanquished Creatures
  A centaur (D:3)
  Dowan (D:4)
  A quasit (D:4)
  A hound (D:2)
  3 orc priests (D:3)
  An orc wizard (D:3)
  A bullfrog skeleton (D:3)
  3 adders
  An ooze (D:3)
  An adder skeleton (D:4)
  A worm (D:3)
  A dart slug (D:1)
  2 leopard geckos
  2 orcs (D:3)
  8 bats
  6 giant cockroaches
  13 goblins
  A hobgoblin (D:3)
  4 jackals (D:2)
  6 kobolds
  2 quokkas
  5 ball pythons
  3 frilled lizards
  6 rats
74 creatures vanquished.

Notes
Turn   | Place    | Note
-------+----------+-------------------------------------------
     0 | Abyss:1  | Gargoyl the Centaur Abyssal Knight began the quest for the
                  | Orb.
     0 | Abyss:1  | Reached XP level 1. HP: 19/19 MP: 2/2
   128 | Abyss:1  | Noticed a ynoxinul
   153 | D:1      | Escaped the Abyss
   452 | D:1      | Reached XP level 2. HP: 17/26 MP: 3/3
   455 | D:1      | Reached * piety under Lugonu
   996 | D:2      | Reached skill level 1 in Dodging
  1040 | D:2      | Reached XP level 3. HP: 28/31 MP: 4/4
  1289 | D:2      | Reached XP level 4. HP: 19/39 MP: 5/5
  1455 | D:2      | Found a burning altar of Makhleb.
  1660 | D:2      | Found a faded altar of an unknown god.
  1818 | D:3      | Noticed a centaur
  1844 | D:3      | Killed a centaur
  1844 | D:3      | Reached XP level 5. HP: 28/46 MP: 5/7
  2167 | D:3      | Reached ** piety under Lugonu
  2239 | D:3      | Reached XP level 6. HP: 25/52 MP: 8/8
  2584 | D:3      | Found an ancient bone altar of Kikubaaqudgha.
  3664 | D:4      | Noticed Dowan
  3666 | D:4      | Noticed Duvessa
  3680 | D:4      | Killed Dowan
  3685 | D:4      | Mangled by Duvessa

Levels and vault maps discovered:
D:1:      lemuel_arrival_behind_the_door_small, layout_rooms, hex_tiny,
          minmay_three_crescents
D:2:      layout_loops_cross, chequers_ecumenical_altar_lobes,
          makhleb_blood_cavern_becter
D:3:      layout_basic, kiku_gazebo_pond_becter, serial_forest,
          infiniplex_forest_fountain, infiniplex_forest_clump_tiny,
          infiniplex_forest_straight_1, infiniplex_forest_clump_medium,
          infiniplex_forest_lined_1, infiniplex_forest_end_1, first_ration,
          grunt_ministairs_4
D:4:      layout_loops_cross, minmay_quadrilaterals, uniq_duvessa

Skill      XL: |  1  2  3  4  5  6 |
---------------+-------------------+-----
Axes           | 2 3 |  3.4
Dodging        | 1 2 |  2.1
Armour         | 2 3 |  3.1
Invocations    | 3 |  3.4
Fighting       | |  3.9

Action                   |  1- 3 |  4- 6 || total
-------------------------+-------+-------++-------
Melee: Hand axe          |    97 |   111 ||   208
       Kick              |    11 |    22 ||    33
Invok: Depart the Abyss  |     1 |       ||     1
  Use: Scroll            |     6 |     4 ||    10
       Potion            |       |     4 ||     4
  Eat: Chunk             |       |     6 ||     6
Armor: Ring mail         |    63 |    54 ||   117
       Leather armour    |     4 |       ||     4
       Chain mail        |       |    13 ||    13
Dodge: Dodged            |    65 |    55 ||   120
Block: Other             |     3 |     6 ||     9
       Reflection        |       |     1 ||     1

Table legend:
 A = Non-vault XP
 B = Vault XP
 C = Vault XP percentage of total XP
 D = Non-vault monster count
 E = Vault monster count
 F = Vault count percentage of total count
                 A         B        C        D         E       F
            +---------+---------+-------+---------+---------+-------
      Total |     466 |     162 |  25.8 |      60 |      14 |  18.9
            +---------+---------+-------+---------+---------+-------
        D:1 |      17 |      12 |  41.4 |       9 |       6 |  40.0
        D:2 |      46 |      43 |  48.3 |      20 |       1 |   4.8
        D:3 |     350 |       7 |   2.0 |      26 |       2 |   7.1
        D:4 |      53 |     100 |  65.4 |       5 |       5 |  50.0
            +---------+---------+-------+---------+---------+-------
